 Dungeon Crawl Stone Soup version 0.30.1-4-g462c640d31 (webtiles) character file.

Game seed: 9410336708681348916

7341 Zeor the Carver (level 10, 0/76 HPs)
             Began as a Demonspawn Gladiator on Aug 28, 2023.
             Was a Priest of Okawaru.
             Killed by vampiric draining
             ... invoked by a vampire
              (22 damage)
             ... on level 11 of the Dungeon.
             The game lasted 00:37:19 (10554 turns).

Zeor the Carver (Demonspawn Gladiator)             Turns: 10554, Time: 00:37:20

Health: 0/76       AC: 19    Str: 21    XL:     10   Next: 91%
Magic:  15/15      EV: 13    Int:  9    God:    Okawaru [***...]
Gold:   439        SH: 10    Dex: 19    Spells: 9/9 levels left

rFire   + . .        a - +1 scimitar (flame)
rCold   . . .        m - +0 buckler "Gofeuf" {rPois}
rNeg    . . .        n - +0 scale mail {rF+}
rPois   +            c - +0 helmet
rElec   .            (no cloak)
rCorr   .            j - +0 pair of gloves
SInv    .            k - +0 pair of boots
Will    .....        (no amulet)
Stlth   +            K - +6 ring of strength
HPRegen 0.32/turn    (no ring)
MPRegen 0.14/turn

%: no passive effects
@: sanguine armoured
A: claws 2, powered by death 2, sanguine armour 2, condensation shield
a: Renounce Religion, Heroism


You were on level 11 of the Dungeon.
You worshipped Okawaru.
Okawaru was most pleased with you.
You visited 2 branches of the dungeon, and saw 12 of its levels.
You also visited: Sewer and Ossuary.

You collected 523 gold pieces.
You spent 84 gold pieces at shops.

Inventory:

Hand Weapons
 a - a +1 scimitar of flaming (weapon)
 f - a +0 antimagic short sword
 y - a +1 long sword of protection
Missiles
 d - 3 throwing nets
 e - 7 javelins (quivered)
 q - 3 atropa-tipped darts
 w - 10 poisoned darts
 H - 2 silver javelins
 J - 2 curare-tipped darts
Armour
 c - a +0 helmet (worn)
 j - a +0 pair of gloves (worn)
 k - a +0 pair of boots (worn)
 m - the +0 buckler "Gofeuf" (worn) {rPois}
   (You acquired it on level 3 of the Dungeon)

   rPois:     It protects you from poison.
 n - a +0 scale mail of fire resistance (worn)
Jewellery
 p - a ring of magical power
 r - a ring of ice
 K - a +6 ring of strength (left hand)
Wands
 B - a wand of iceblast (15)
 C - a wand of flame (8)
 I - a wand of polymorph (10)
Scrolls
 b - 2 scrolls of silence
 l - 3 scrolls of blinking
 o - a scroll of amnesia
 s - 4 scrolls of teleportation
 u - 2 scrolls of immolation
 F - 2 scrolls of enchant armour
 L - a scroll of brand weapon
Potions
 g - 3 potions of heal wounds
 h - 3 potions of lignification
 i - 3 potions of brilliance
 t - 4 potions of mutation
 v - a potion of flight {unknown}
 x - 2 potions of cancellation
 z - a potion of resistance
 A - a potion of might
 D - 3 potions of magic
 E - 2 potions of attraction
 G - 3 potions of haste


   Skills:
 * Level 5.9 Fighting
 + Level 10.4 Long Blades
 * Level 3.7 Throwing
 + Level 3.7 Armour
 * Level 6.1 Dodging
 + Level 2.3 Stealth
 + Level 4.3 Shields
 * Level 7.2 Invocations


You had 9 spell levels left.
You didn't know any spells.
Your spell library contained the following spells:

 Spells                   Type           Power      Damage    Failure   Level
 Beastly Appendage        Tmut           0%         N/A       78%         1
 Lesser Beckoning         Tloc           0%         N/A       89%         2
 Poisonous Vapours        Pois/Air       0%         N/A       89%         2
 Wereblood                Tmut           0%         N/A       89%         2
 Dazzling Flash           Conj/Hex       0%         N/A       98%         3
 Gell's Gravitas          Tloc           0%         N/A       98%         3
 Mephitic Cloud           Conj/Pois/Air  0%         N/A       98%         3
 Spider Form              Tmut/Pois      0%         N/A       98%         3
 Teleport Other           Tloc           0%         N/A       98%         3
 Volatile Blastmotes      Fire/Tloc      0%         2d10      98%         3
 Iskenderun's Mystic Bla  Conj/Tloc      0%         2d3       100%        4
 Freezing Cloud           Conj/Ice/Air   0%         6-21      100%        5
 Starburst                Conj/Fire      0%         6d3       100%        6


Dungeon Overview and Level Annotations

Branches:
Dungeon (11/15)            Temple (1/1) D:6             Orc (0/2) D:9
  Sewer (visited)         Ossuary (visited)
   Lair: D:8-11

Altars:
Ashenzari
Cheibriados
Dithmenos
Fedhas
Gozag
Hepliaklqana
Kikubaaqudgha
Makhleb
Nemelex Xobeh
Okawaru
Qazlal
Ru
Sif Muna
Trog
Uskayaw
Vehumet
Wu Jian
Xom
Yredelemnul

Shops:
D:4 *

Annotations:
D:5 2 transporters, Vahgon's ghost, amateur GnHu
Temple 2 transporters


Innate Abilities, Weirdness & Mutations

You have very sharp fingernails.
You regenerate health from kills.
When seriously injured, your blood forms thick armour. (AC +9)
A meltable shield of frost defends you. (SH +4)


Message History

The vampire barely misses you. You block the vampire's attack.
You hit the vampire. You burn the vampire.
The vampire is severely damaged.
The vampire draws life force from you.
The vampire is healed by the life force!
You hit the vampire but do no damage.
The vampire is severely damaged.
The vampire draws life force from you!
Your blood congeals into armour.
The vampire is healed by the life force!
You slash the vampire! You burn the vampire.
The vampire is severely damaged.
The vampire draws life force from you!
The vampire is healed by the life force!
You hit the vampire but do no damage.
The vampire is heavily damaged.
You block the vampire's attack. The vampire closely misses you.
You closely miss the vampire.
The vampire is heavily damaged.
The vampire hits you but does no damage.
The vampire closely misses you.
You hit the vampire but do no damage.
The vampire is heavily damaged.
You hit the vampire. You burn the vampire.
The vampire is heavily damaged.
You block the vampire's attack. The vampire closely misses you.
You slash the vampire! You burn the vampire.
The vampire is almost destroyed.
The vampire hits you.
* * * LOW HITPOINT WARNING * * *
The vampire bites you but does no damage.
You hit the vampire. You burn the vampire.
The vampire is almost destroyed.
The vampire gestures wildly while chanting.
The vampire flickers and vanishes!
Deactivating autopickup; reactivate with Ctrl-A.
Throw: 3 javelins (silver)
Press: ? - help, Shift-Dir - straight line You throw a silver javelin.
Something draws life force from you!!
You die...

∙∙▒ ∙∙▒ ∙∙ ▒▒
∙∙∙∙▒▒ ∙▒∙∙∙∙
∙▒▒ ∙∙∙∙∙▒▒
∙∙∙^▒
▒▒∙▒∙∙∙∙∙
▒∙∙∙▒▒<∙∙∙∙∙∙∙
▒∙)6{∙(▒∙▒∙∙
▒∙)∙∙∙▒▒
∙∙∙∙∙∙∙▒∙∙∙
▒▒▒▒∙∙∙∙∙∙▒▒∙▒


∙∙∙∙∙∙∙∙ ▒▒∙∙∙∙▒▒▒▒ ▒∙∙∙∙▒ ▒▒▒∙▒▒ There were no monsters in sight!

Vanquished Creatures
  A two-headed ogre (D:9)
  Pikel (D:6)
  A komodo dragon (D:10)
  An unseen horror (D:9)
  2 trolls
  Prince Ribbit (D:7)
  5 yaks (D:10)
  A shadow (D:10)
  A wyvern (D:9)
  3 vampire mosquitoes (D:10)
  Pargi (Sewer)
  3 sky beasts
  A black bear (D:5)
  An ice beast (D:7)
  3 orc warriors
  5 centaurs
  2 ogres
  A kobold brigand (D:6)
  A lemure (D:6)
  2 bullfrogs
  2 scorpions
  7 wights
  7 killer bees
  3 jellies
  7 orc priests
  2 hounds
  3 centaur zombies (Ossuary)
  A gnoll bouda (D:7)
  2 sleepcaps
  An iguana (D:4)
  14 orc wizards
  5 mummies (Ossuary)
  19 gnolls
  A river rat (D:3)
  8 adders
  3 shadow imps
  5 white imps
  An ufetubus (D:5)
  A worm (D:3)
  4 dart slugs
  33 orcs
  10 ball pythons
  3 endoplasms
  5 giant cockroaches
  10 hobgoblins
  5 jackals
  16 kobolds
  5 quokkas
  7 bats
  5 frilled lizards
  9 goblins
  A goblin zombie (Ossuary)
  2 kobold zombies (Ossuary)
  2 orc zombies (Ossuary)
  6 rats
252 creatures vanquished.

Vanquished Creatures (others)
  A hound (D:5)
1 creature vanquished.

Grand Total: 253 creatures vanquished

Notes
Turn   | Place    | Note
-------+----------+-------------------------------------------
     0 | D:1      | Zeor the Demonspawn Gladiator began the quest for the Orb.
     0 | D:1      | Reached XP level 1. HP: 16/16 MP: 1/1
   216 | D:1      | Reached skill level 3 in Long Blades
   217 | D:1      | Gained mutation: You have sharp fingernails. [demonic
                  | ancestry]
   217 | D:1      | Reached XP level 2. HP: 21/22 MP: 2/2
   783 | D:2      | Reached XP level 3. HP: 20/27 MP: 3/3
   861 | D:2      | You fall into a shaft and drop 1 floor!
   865 | D:3      | Identified a scroll of acquirement
   865 | D:3      | Acquired the +0 buckler "Gofeuf" {rPois}
  1042 | D:3      | Found a glowing drain.
  1062 | Sewer    | Entered a sewer
  1105 | Sewer    | Noticed Pargi
  1128 | Sewer    | Killed Pargi
  1129 | Sewer    | Reached skill level 4 in Long Blades
  1129 | Sewer    | Reached skill level 1 in Shields
  1129 | Sewer    | Gained mutation: You regenerate a little health from kills.
                  | [demonic ancestry]
  1129 | Sewer    | Reached XP level 4. HP: 29/34 MP: 4/4
  1129 | Sewer    | Reached XP level 5. HP: 34/39 MP: 5/5
  2158 | D:2      | Reached skill level 1 in Armour
  2273 | D:2      | Gained mutation: A meltable shield of frost defends you.
                  | (SH +4) [demonic ancestry]
  2273 | D:2      | Reached XP level 6. HP: 46/46 MP: 6/6
  2671 | D:3      | Reached skill level 5 in Long Blades
  3599 | D:4      | Found Vavajuco's General Store.
  3689 | D:4      | Bought a scroll of identify for 28 gold pieces
  3689 | D:4      | Bought a potion of might for 56 gold pieces
  3789 | D:4      | Gained mutation: You have very sharp fingernails. [demonic
                  | ancestry]
  3789 | D:4      | Reached XP level 7. HP: 44/51 MP: 7/7
  3921 | D:4      | Reached skill level 1 in Stealth
  4252 | D:5      | Entered Level 5 of the Dungeon
  4355 | D:5      | Found a broken altar of Ashenzari.
  4775 | D:5      | Reached skill level 6 in Long Blades
  5054 | D:5      | Gained mutation: You regenerate health from kills. [demonic
                  | ancestry]
  5054 | D:5      | Reached XP level 8. HP: 60/60 MP: 8/8
  5102 | D:5      | Found a transporter.
  5106 | D:5      | Noticed Vahgon's ghost (amateur GnHu)
  5107 | D:5      | Found a transporter.
  5173 | D:6      | Found a staircase to the Ecumenical Temple.
  5181 | Temple   | Entered the Ecumenical Temple
  5181 | Temple   | Found a transporter.
  5181 | Temple   | Found a transporter.
  5183 | Temple   | Found a transporter.
  5183 | Temple   | Found a transporter.
  5211 | Temple   | Became a worshipper of Warmaster Okawaru
  5250 | D:6      | Found a sand-covered staircase.
  5255 | Ossuary  | Entered an ossuary
  5758 | D:6      | Reached skill level 1 in Invocations
  6193 | D:6      | Reached skill level 7 in Long Blades
  6276 | D:6      | Noticed Pikel
  6300 | D:6      | Killed Pikel
  6300 | D:6      | Reached * piety under Okawaru
  6307 | D:6      | Reached skill level 8 in Long Blades
  6321 | D:6      | Gained mutation: When seriously injured, your blood forms
                  | armour. (AC +9) [demonic ancestry]
  6321 | D:6      | Reached XP level 9. HP: 63/66 MP: 11/11
  6613 | D:6      | Reached ** piety under Okawaru
  6839 | D:7      | Reached skill level 5 in Dodging
  6920 | D:7      | Found a stormy altar of Qazlal.
  6921 | D:7      | Found a shimmering altar of Xom.
  6937 | D:7      | Found a snail-covered altar of Cheibriados.
  6938 | D:7      | Found a basalt altar of Yredelemnul.
  6941 | D:7      | Found a hide-covered altar of Uskayaw.
  6945 | D:7      | Found an opulent altar of Gozag.
  7069 | D:7      | Noticed Prince Ribbit
  7076 | D:7      | Killed Prince Ribbit
  7308 | D:7      | Reached skill level 5 in Invocations
  7710 | D:8      | Reached skill level 9 in Long Blades
  7829 | D:8      | Noticed a troll
  8141 | D:8      | Killed a troll
  8141 | D:8      | Reached *** piety under Okawaru
  8771 | D:9      | Killed an unseen horror
  8772 | D:9      | Gained mutation: When seriously injured, your blood forms
                  | thick armour. (AC +9) [demonic ancestry]
  8772 | D:9      | Reached XP level 10. HP: 35/73 MP: 14/14
  8916 | D:9      | Noticed a two-headed ogre
  8937 | D:9      | Killed a two-headed ogre
  8937 | D:9      | Received a gift from Okawaru
  8938 | D:9      | Reached skill level 5 in Fighting
  9213 | D:9      | Reached skill level 10 in Long Blades
  9279 | D:9      | Found a staircase to the Orcish Mines.
  9651 | D:10     | Entered Level 10 of the Dungeon
  9752 | D:10     | Reached **** piety under Okawaru
 10137 | D:10     | Found a bloodstained altar of Trog.
 10236 | D:10     | Received a gift from Okawaru
 10554 | D:11     | Killed from afar by a vampire

Illustrated notes

Levels and vault maps discovered:
D:1:      saegor_arrival_simple_a, layout_basic, serial_aquarium,
          aquarium_bridge_square [aquarium_subvault_wall,
          aquarium_subvault_bridge, aquarium_subvault_bridge,
          aquarium_subvault_wall], aquarium_bridge_straight
          [aquarium_subvault_bridge, aquarium_subvault_balcony,
          aquarium_subvault_bridge, aquarium_subvault_window],
          aquarium_window_fake, aquarium_window_corner, aquarium_view_2b,
          aquarium_pool_2
D:2:      kennysheep_six_static_rooms, layout_basic, minmay_mini_jars
D:3:      layout_basic, portal_sewer_entry_e, kennysheep_doodads,
          dk_noncrumbling_3
D:4:      layout_gridville, serial_shops, shop
D:5:      layout_gridville, mainiacjoe_overflow_alcove_4,
          gammafunk_ghost_mausoleum
D:6:      layout_basic, temple_fountains, enter_ossuary_5,
          minmay_misc_feat_pillars, minmay_misc_feat_alley, uniq_pikel
D:7:      layout_gridville, nicolae_overflow_hallway_of_the_gods,
          uniq_prince_ribbit1
D:8:      layout_basic
D:9:      layout_roguey, orc_0_dummy
D:10:     layout_grid_maze, overflow_temple_1_default
D:11:     layout_rooms, erik_lair_dragon, kennysheep_generic_room_3, uniq_urug,
          uniq_maurice
Temple:   hellmonk_temple_divided_pantheon

Skill      XL: |  1  2  3  4  5  6  7  8  9 10 |
---------------+-------------------------------+-----
Long Blades    | 3 4 5 6 8 9 10 | 10.4
Throwing       | 2 3 |  3.7
Dodging        | 3 4 5 6 |  6.1
Shields        | 1 2 3 4 |  4.3
Armour         | 1 2 3 |  3.7
Stealth        | 1 2 |  2.3
Fighting       | 3 4 5 |  5.9
Invocations    | 2 5 7 |  7.2

Action                     |  1- 3 |  4- 6 |  7- 9 | 10-12 || total
---------------------------+-------+-------+-------+-------++-------
  Melee: Long sword        |   137 |   266 |   306 |       ||   709
         Scimitar          |       |       |   145 |   169 ||   314
  Throw: Throwing net      |     1 |       |     1 |       ||     2
         Javelin           |       |     1 |     1 |     4 ||     6
         Dart              |       |       |       |     1 ||     1
 Invoke: Heroism           |       |       |     1 |     4 ||     5
  Evoke: Wand              |       |       |     2 |       ||     2
    Use: Scroll            |     6 |    10 |    13 |     1 ||    30
         Potion            |       |     4 |     7 |     3 ||    14
   Stab: Sleeping          |     2 |     1 |     2 |       ||     5
 Armour: Leather armour    |    75 |    97 |   118 |       ||   290
         Scale mail        |       |       |    62 |    39 ||   101
  Dodge: Dodged            |    99 |   175 |   212 |    85 ||   571
  Block: Buckler           |    10 |   104 |   190 |    77 ||   381
